 Dungeon Sprint DCSS version 0.31-a0-931-g7b59d4eb97 (webtiles) character file.

Game seed: 12749925779417517562

389 sircluck the Grappler (level 6, -6/106 HPs)
             Began as a Troll Berserker on Oct 19, 2023.
             Was a High Priest of Trog.
             Mangled by Urug
             ... wielding a +2 long sword of flaming
              (26 damage)
             ... in the Dungeon (Sprint VII: "The Pits").
             The game lasted 00:01:18 (297 turns).

sircluck the Grappler (Troll Berserker)              Turns: 297, Time: 00:01:19

Health: -6/106     AC:  4    Str: 28    XL:     6   Next: 50%
Magic:  5/5        EV: 11    Int:  3    God:    Trog [*****.]
Gold:   0          SH:  0    Dex:  9    Spells: 5/5 levels left

rFire   . .          .
                       - Unarmed
rCold   . . .        (no shield)
rNeg    . . .        a - +0 animal skin
rPois   .            (helmet restricted)
rElec   .            (no cloak)
rCorr   .            (gloves unavailable)
SInv    .            (boots unavailable)
Will    .....        (no amulet) Stlth
                     (no ring)
HPRegen 1.17/turn    (no ring)
MPRegen 0.09/turn

%: no teleportation
@: berserking, very quick
A: large, unfitting armour, claws 3, regeneration 1, shaggy fur 1, tough skin 1
a: Renounce Religion, Berserk, Trog's Hand, Brothers in Arms


You were in the Dungeon.
You worshipped Trog.
Trog was extremely pleased with you.
You visited 1 branch

Inventory:

Armour
 a - a +0 animal skin (worn)
Wands
 k - a wand of mindburst (14)
Scrolls
 g - a scroll of blinking
 i - 2 scrolls of vulnerability
 j - a scroll of butterflies
Potions
 b - 6 potions of curing
 c - 5 potions of heal wounds
 d - a potion of haste
 e - 4 potions of magic
 f - 3 potions of berserk rage
 h - 2 potions of invisibility


   Skills:
 + Level 7.3 Fighting
 + Level 7.2 Dodging
 + Level 8.7 Unarmed Combat


You had 5 spell levels left.
You didn't know any spells.
Your spell library was empty.

Dungeon Overview and Level Annotations

Branches:
Dungeon (1/1)

Altars:
Ashenzari
Cheibriados
Dithmenos
Elyvilon
Fedhas
Gozag
Hepliaklqana
Kikubaaqudgha
Makhleb
Nemelex Xobeh
Okawaru
Qazlal
Ru
Sif Muna
Trog
Uskayaw
Vehumet
Wu Jian
Xom
Yredelemnul
Zin
The Shining One
Jiyva
Lugonu

Annotations:
D Urug


Innate Abilities, Weirdness & Mutations

You are too large for most types of armour.
You have claws for hands.
Your natural rate of healing is unusually fast.
You are covered in fur. (AC +1)
You have tough skin. (AC +1)


Message History

You see here a +0 vampiric spear.
No target in view!
You open the door.
Urug the Orcish Ballista comes into view.
She is wielding a +2 long sword of flaming.
Urug shouts!
You barely miss Urug.
Urug hits you with a +2 long sword of flaming!!
Urug burns you.
You mangle Urug!!
Urug is moderately wounded.
Urug hits you with a +2 long sword of flaming!!
* * * LOW HITPOINT WARNING * * *
Urug burns you.
* * * LOW HITPOINT WARNING * * *
You feel much better. Urug misses you.
Unknown command.
A red film seems to cover your vision as you go berserk!
You feel yourself moving faster!
You feel mighty! Urug closely misses you.
You closely miss Urug.
Urug is moderately wounded.
You claw Urug!
Urug is heavily wounded.
Urug hits you with a +2 long sword of flaming.
Urug burns you.
You mangle Urug!!
Urug is severely wounded.
You closely miss Urug.
Urug is severely wounded.
Urug screams, "Your bloody kin took my one good eye.
Now you die, harpy!"
Urug hits you with a +2 long sword of flaming!!
Urug burns you!
* * * LOW HITPOINT WARNING * * *
You claw Urug!
Urug is almost dead.
You claw Urug!
Urug is almost dead.
Urug stares with her one eyeball.
Urug hits you with a +2 long sword of flaming!!
You die...
Urug says, "One more harpy dead."

#)#........##.......#
#)###########.......#
#)).....# #########
#.)###..# #.......#
##.###.##+#
#.......#.+
#..###..#o#
#.......'@#
###########


You could see Urug.

Vanquished Creatures
  A wolf (D)
  2 scorpions (D)
  A hound (D)
  A gnoll bouda (D)
  An orc priest (D)
  Ijyb (D)
  5 gnolls (D)
  An adder (D)
  5 orcs (D)
  2 endoplasms (D)
  A goblin (D)
  A hobgoblin (D)
  A kobold (D)
23 creatures vanquished.

Notes
Turn   | Place    | Note
-------+----------+-------------------------------------------
     0 | D        | sircluck the Troll Berserker began the quest for the Orb.
     0 | D        | Reached XP level 1. HP: 22/22 MP: 0/0
    32 | D        | Found a bloodstained altar of Trog.
    32 | D        | Found a shimmering blue altar of Sif Muna.
    32 | D        | Found a viscous altar of Jiyva.
    32 | D        | Found a hazy altar of Hepliaklqana.
    32 | D        | Found an opulent altar of Gozag.
    33 | D        | Found a glowing golden altar of the Shining One.
    33 | D        | Found a glowing silver altar of Zin.
    33 | D        | Found a basalt altar of Yredelemnul.
    33 | D        | Found a shimmering altar of Xom.
    33 | D        | Found an ornate altar of the Wu Jian Council.
    33 | D        | Found a sacrificial altar of Ru.
    33 | D        | Found a stormy altar of Qazlal.
    33 | D        | Found an iron altar of Okawaru.
    33 | D        | Found a sparkling altar of Nemelex Xobeh.
    33 | D        | Found a burning altar of Makhleb.
    33 | D        | Found a blossoming altar of Fedhas.
    33 | D        | Found a white marble altar of Elyvilon.
    33 | D        | Found a shadowy altar of Dithmenos.
    33 | D        | Found a snail-covered altar of Cheibriados.
    35 | D        | Found a radiant altar of Vehumet.
    35 | D        | Found a corrupted altar of Lugonu.
    36 | D        | Found a hide-covered altar of Uskayaw.
    36 | D        | Found an ancient bone altar of Kikubaaqudgha.
    36 | D        | Found a broken altar of Ashenzari.
    78 | D        | Reached ** piety under Trog
    86 | D        | Reached skill level 4 in Unarmed Combat
    86 | D        | Reached XP level 2. HP: 31/31 MP: 1/1
   118 | D        | Noticed a scorpion
   124 | D        | Reached *** piety under Trog
   127 | D        | Reached XP level 3. HP: 39/39 MP: 2/2
   131 | D        | Killed a scorpion
   132 | D        | Reached skill level 5 in Unarmed Combat
   132 | D        | Reached XP level 4. HP: 39/49 MP: 3/3
   188 | D        | Noticed Ijyb
   188 | D        | Noticed a scorpion
   201 | D        | Killed a scorpion
   201 | D        | Reached **** piety under Trog
   202 | D        | Reached skill level 5 in Fighting
   202 | D        | Reached skill level 5 in Dodging
   202 | D        | Reached skill level 6 in Unarmed Combat
   202 | D        | Reached XP level 5. HP: 57/57 MP: 4/4
   203 | D        | Killed Ijyb
   207 | D        | Reached skill level 7 in Unarmed Combat
   208 | D        | Noticed a wolf
   218 | D        | Reached ***** piety under Trog
   220 | D        | Killed a wolf
   221 | D        | Reached skill level 8 in Unarmed Combat
   221 | D        | Reached XP level 6. HP: 64/68 MP: 5/5
   287 | D        | Noticed Urug
   297 | D        | Mangled by Urug

Illustrated notes

Levels and vault maps discovered:
D:        pitsprint [storerooms_1, entrance_room_1, metal_vault_4, armoury_2,
          mini_pit_1, grid_room_1, main_hall_1, silver_pit, the_coven_3,
          the_vestibule_1, steel_vault_5, golden_pit, hallway_of_sentries,
          crystal_vault_4, iron_vault_1, final_vault]

Skill      XL: |  1  2  3  4  5  6 |
---------------+-------------------+-----
Fighting       | 3 4 5 6 7 |  7.3
Dodging        | 3 4 5 6 7 |  7.2
Unarmed Combat | 4 5 6 8 |  8.7

Action                     |  1- 3 |  4- 6 || total
---------------------------+-------+-------++-------
  Melee: Unarmed           |    22 |    41 ||    63
         Punch             |       |     2 ||     2
 Invoke: Berserk           |       |     2 ||     2
    Use: Potion            |       |     1 ||     1
 Armour: Animal skin       |    12 |    21 ||    33
  Dodge: Dodged            |     6 |    14 ||    20

Table legend: (Time is in decaauts)
 A = Elapsed time spent in this place.
 B = Non-inter-level travel time spent in this place.
 C = Inter-level travel time spent in this place.
 D = Time resting spent in this place.
 E = Time spent auto-exploring this place.
 F = Levels seen in this place.
 G = Mean time per level.
                   A        B        C        D        E       F      G
               +--------+--------+--------+--------+--------+-----+--------+
         Total |    295 |    292 |      3 |      0 |    157 |   1 |  295.0 |
       Dungeon |    295 |    292 |      3 |      0 |    157 |   1 |  295.0 |
               +--------+--------+--------+--------+--------+-----+--------+

Top non-repeatable levels by time:
       D: 295 daAuts
